 Dungeon Crawl Stone Soup version 0.30-a0-4-ga7cffc901d (webtiles) character file.

Game seed: 4973771061061319489

51 Setbun the Cutter (level 4, -1/29 HPs)
             Began as a Kobold Berserker on Aug 20, 2022.
             Was a Follower of Trog.
             Slain by a goblin
             ... wielding a +0 club
             ... led by Robin
              (3 damage)
             ... on level 3 of the Dungeon.
             The game lasted 00:01:27 (2038 turns).

Setbun the Cutter (Kobold Berserker)                Turns: 2038, Time: 00:01:28

Health: -1/29      AC:  2    Str: 12 (14) XL:     4   Next: 7%
Magic:  4/4        EV: 15    Int:  6 (8)  God:    Trog [*.....]
Gold:   68         SH:  0    Dex: 13 (16) Spells: 3/3 levels left

rFire   . . .      SeeInvis .    a - +0 short sword
rCold   . . .      Faith    .    (no shield)
rNeg    . . .      Spirit   .    b - +0 animal skin
rPois   .          Reflect  .    (no helmet)
rElec   .          Harm     .    (no cloak)
rCorr   .          Rampage  .    (no gloves)
Will    .....                    (no boots)
Stlth   +++.......               (no amulet)
HPRegen 0.09/turn                (no ring)
MPRegen 0.09/turn                (no ring)

@: brilliant, on berserk cooldown, slowed, very slow
A: small, no large weapons, nightstalker 3
a: Renounce Religion, Berserk


You were on level 3 of the Dungeon.
You worshipped Trog.
Trog was aware of your devotion.
You visited 1 branch of the dungeon, and saw 3 of its levels.

You collected 68 gold pieces.

Inventory:

Hand Weapons
 a - a +0 short sword (weapon)
Armour
 b - a +0 animal skin (worn)
Jewellery
 j - a ring of ice
 k - a +4 ring of protection
Scrolls
 c - a scroll of magic mapping {unknown}
 d - a scroll of fog {unknown}
 e - a scroll of poison {unknown}
 h - 3 scrolls of identify {unknown}
 l - a scroll of torment {unknown}
 m - a scroll of silence {unknown}
 n - 2 scrolls of teleportation {unknown}
Potions
 g - a potion of flight {unknown}
 i - a potion of brilliance
 o - a potion of curing {unknown}
 p - a potion of ambrosia {unknown}


   Skills:
 + Level 3.8 Fighting
 + Level 4.6 Short Blades
 - Level 1.7 Armour
 + Level 3.1 Dodging
 + Level 1.9 Stealth


You had 3 spell levels left.
You didn't know any spells.
Your spell library was empty.

Dungeon Overview and Level Annotations

Branches:
Dungeon (3/15)

Altars:
Uskayaw

Annotations:
D:3 Robin


Innate Abilities, Weirdness & Mutations

You are small and have problems with some larger weapons.
You are completely attuned to the shadows.


Message History

The goblin hits you but does no damage.
Robin roars a battlecry!
The goblin goes into a battle-frenzy!
You hit Robin.
Robin is severely wounded.
You are no longer berserk.
You are exhausted.
You feel yourself slow down. The goblin hits you but does no damage.
The goblin hits you with a +0 dagger. x2
You hit Robin.
Robin is severely wounded.
The goblin hits you but does no damage. The goblin hits you with a +0 club.
The goblin hits you with a +0 dagger.
* * * LOW HITPOINT WARNING * * *
You hit Robin but do no damage.
Robin is severely wounded.
The goblin barely misses you. Robin misses you.
The goblin hits you but does no damage. The goblin barely misses you.
You hit Robin but do no damage.
Robin is severely wounded.
The goblin barely misses you. Robin closely misses you.
The goblin closely misses you. The goblin barely misses you. x2
The goblin hits you with a +0 dagger.
* * * LOW HITPOINT WARNING * * *
The goblin barely misses you.
Robin's bangles clink loudly.
Robin hits you with a +0 short sword.
* * * LOW HITPOINT WARNING * * *
It was a potion of brilliance.
You feel clever all of a sudden. The goblin hits you but does no damage.
The goblin barely misses you. The goblin hits you with a +0 dagger.
* * * LOW HITPOINT WARNING * * *
It was a potion of degeneration.
There was something very wrong with that liquid.
You feel weakened.
You feel dopey.
You feel clumsy. The goblin barely misses you.
The goblin completely misses you. The goblin closely misses you.
The goblin misses you. The goblin hits you with a +0 club.
You die...

.§§.≈#......+
_.≈.≈#......######
..≈.≈#......#.....
≈≈..≈##.....#.#...
≈≈§≈.#...........>#
.§§§.######.#.#.#.#
#####.## #.#.# .#
.......# #.#)###g#
.......+ ..#.gg@g#
##.....# #######g#
.........


gg. .......## .### .. .# You could see Robin and 6 goblins.

Vanquished Creatures
  An adder (D:2)
  A worm (D:2)
  3 dart slugs
  An endoplasm (D:2)
  2 giant cockroaches
  6 goblins
  4 hobgoblins
  2 jackals (D:1)
  3 quokkas
  A bat (D:1)
  2 frilled lizards
  3 kobolds (D:2)
  A rat (D:1)
30 creatures vanquished.

Notes
Turn   | Place    | Note
-------+----------+-------------------------------------------
     0 | D:1      | Setbun the Kobold Berserker began the quest for the Orb.
     0 | D:1      | Reached XP level 1. HP: 14/14 MP: 1/1
   273 | D:1      | Reached XP level 2. HP: 19/19 MP: 2/2
   865 | D:2      | Reached skill level 1 in Stealth
   895 | D:2      | Reached XP level 3. HP: 19/23 MP: 3/3
  1992 | D:3      | Found a hide-covered altar of Uskayaw.
  2018 | D:3      | Noticed Robin
  2022 | D:3      | Reached XP level 4. HP: 29/29 MP: 4/4
  2038 | D:3      | Slain by a goblin

Illustrated notes

Levels and vault maps discovered:
D:1:      lemuel_arrival_behind_the_door_small, layout_loops_ring
D:2:      layout_loops_ring, minmay_misc_feat_alley
D:3:      layout_basic, mainiacjoe_overflow_paths, uniq_robin

Skill      XL: |  1  2  3 |
---------------+----------+-----
Stealth        | 1 |  1.9
Dodging        | 3 |  3.1
Fighting       | |  3.8
Short Blades   | |  4.6
Armour         | |  1.7

Action                   |  1- 3 |  4- 6 || total
-------------------------+-------+-------++-------
Melee: Short sword       |    90 |    13 ||   103
Invok: Berserk           |     1 |       ||     1
  Use: Potion            |       |     2 ||     2
 Stab: Sleeping          |    12 |       ||    12
Armor: Animal skin       |     5 |     7 ||    12
Dodge: Dodged            |    41 |    24 ||    65

Table legend: (Time is in decaauts)
 A = Elapsed time spent in this place.
 B = Non-inter-level travel time spent in this place.
 C = Inter-level travel time spent in this place.
 D = Time resting spent in this place.
 E = Time spent auto-exploring this place.
 F = Levels seen in this place.
 G = Mean time per level.
                   A        B        C        D        E       F      G
               +--------+--------+--------+--------+--------+-----+--------+
         Total |   2024 |   1944 |     80 |    262 |   1467 |   3 |  674.7 |
       Dungeon |   2024 |   1944 |     80 |    262 |   1467 |   3 |  674.7 |
               +--------+--------+--------+--------+--------+-----+--------+

Top non-repeatable levels by time:
     D:2: 1088 daAuts
     D:1: 855 daAuts
     D:3: 80 daAuts
